 Dungeon Crawl Stone Soup version 0.15-a0-2193-g309c75d (webtiles) character file.

769 Charly the Insei (level 7, -2/52 HPs)
             Began as a Pale Draconian Transmuter on July 22, 2014.
             Was an Initiate of Elyvilon.
             Slain by a wight
             ... wielding a cursed +1 halberd
              (4 damage)
             ... on Level 7 of the Dungeon.
             The game lasted 00:47:21 (2691 turns).

Charly the Insei (Pale Draconian Transmuter)        Turns: 2691, Time: 00:47:22

HP  -2/52        AC  7     Str 12      XL: 7   Next: 52%
MP   0/12        EV 11     Int 26      God: Elyvilon [......]
Gold 77          SH  0     Dex 13      Spells:  3 memorised,  0 levels left

rFire  . . .     SeeInvis .       - Unarmed
rCold  . . .     Clarity  .     (armour unavailable)
rNeg   . . .     rCorr    .     (no shield)
rPois  .         rRot     .     (helmet restricted)
rElec  .         Spirit   +     (no cloak)
SustAb .         Warding  .     j - +0 pair of gloves
rMut   .         Stasis   .     (no boots)
Gourm  .                        A - amulet of guardian spirit
MR     .....                    q - +6 ring of intelligence
                                m - +6 ring of intelligence

@: very slightly contaminated, drained, not resistant to hostile enchantments,
very unstealthy
A: breathe steam, unfitting armour, cold-blooded, AC +6
a: Breathe Steam, Lesser Healing, Renounce Religion


You were on level 7 of the Dungeon.
You worshipped Elyvilon.
Elyvilon was noncommittal.
You were very hungry.

You visited 2 branches of the dungeon, and saw 8 of its levels.

You collected 178 gold pieces.
You paid 98 gold pieces to Gozag.

Inventory:

Hand weapons
 o - a +1 flail
Missiles
 b - 39 arrows
 v - 17 poisoned needles
Armour
 j - a +0 pair of gloves (worn)
Magical devices
 f - a wand of slowing (3)
 x - a wand of magic darts (16)
Comestibles
 a - 4 bread rations
 k - 2 beef jerkies
 l - 2 meat rations
Scrolls
 e - 3 scrolls of remove curse
 u - a scroll of amnesia
 y - a scroll of enchant armour {unknown}
Jewellery
 m - a +6 ring of intelligence (left hand)
 q - a +6 ring of intelligence (right hand)
 w - an uncursed ring of sustain abilities
 z - an uncursed ring of positive energy {unknown}
 A - an amulet of guardian spirit (around neck)
Potions
 c - a potion of heal wounds
 g - 2 potions of curing
 h - 2 potions of cure mutation
 i - a potion of might {unknown}
 n - a potion of cancellation {unknown}
 p - a potion of resistance {unknown}
 r - a potion of brilliance {unknown}
 t - a potion of magic {unknown}
Books
 d - a book of Changes

   Spells                             Type                      Level
   Beastly Appendage                  Transmutation                1
   *Sticks to Snakes                  Transmutation                2
   *Spider Form                       Transmutation/Poison         3
   Ice Form                           Ice/Transmutation            4
   *Blade Hands                       Transmutation                5


   Skills:
 - Level 1.1(0.1) Fighting
 - Level 1.7(0.7) Dodging
 * Level 6.6(5.5) Unarmed Combat
 - Level 2.0(1.0) Spellcasting
 + Level 5.5(4.4) Transmutations
 - Level 2.5(1.5) Poison Magic


You couldn't memorise any spells.
You knew the following spells:

 Your Spells              Type           Power        Failure   Level  Hunger
h - Blade Hands           Trmt           ###.......   58%         5    ######.
s - Sticks to Snakes      Trmt           ###.......   2%          2    ###....
S - Spider Form           Trmt/Pois      ###.......   12%         3    ####...


Dungeon Overview and Level Annotations

Branches:
Dungeon (7/15)             Temple (1/1) D:4

Altars:
Ashenzari
Cheibriados
Dithmenos
Elyvilon
Fedhas
Gozag
Kikubaaqudgha
Makhleb
Nemelex Xobeh
Okawaru
Qazlal
Sif Muna
Trog
Vehumet
Xom
Yredelemnul
Zin
The Shining One

Annotations:
D:5 casual's ghost, experienced MiFi


Innate Abilities, Weirdness & Mutations

You can breathe blasts of scalding steam.*
Your pale cyan-grey scales are hard (AC +6).*
Your body does not fit into most forms of armour.
Your cold-blooded metabolism reacts poorly to cold.*


Message History

Drink which item? (? for menu, Esc to quit)
You feel much better.
The wight hits you with a runed halberd.
You closely miss the wight.
The wight is lightly damaged.
The wight closely misses you.
You barely miss the wight.
The wight is lightly damaged.
The wight hits you with a runed halberd!
* * * LOW HITPOINT WARNING * * *
You feel drained.
* * * LOW HITPOINT WARNING * * *
You hit the wight but do no damage.
The wight is lightly damaged.
You hit the wight.
The wight is moderately damaged.
The wight hits you with a runed halberd!
* * * LOW HITPOINT WARNING * * *
You feel drained.
You die...

#.....z.z###.###......
##..b...####.# #..z(..
#......# ...# #.. ...
#......##.#.# #.. z
##....##..#.# #.#
#....##.##.# #.#
####)......###.#
#.........##.# ..
##.....<.###@# #..#
####.##z###z#...#
#.....#....#
#........###
##.......%.#
#.........#
#.........#
#.........#
#####.....#


You could see a wight.

Vanquished Creatures
  A black bear (D:6)
  3 wights (D:7)
  A hound (D:6)
  4 jellies
  An iguana (D:6)
  3 worker ants
  An orc wizard (D:6)
  Natasha (D:3)
  A hound skeleton (D:7)
  A gnoll (D:2)
  8 adders
  2 giant mites
  A worm (D:4)
  An orc skeleton (D:4)
  An adder skeleton (D:6)
  3 giant geckos
  2 oozes
  10 orcs
  4 bats
  5 giant cockroaches
  5 goblins
  6 hobgoblins
  2 jackals (D:1)
  3 kobolds
  3 quokkas
  2 ball pythons (D:3)
  2 giant newts (D:4)
  6 rats
83 creatures vanquished.

Vanquished Creatures (collateral kills)
  2 gnolls (D:2)
2 creatures vanquished.

Vanquished Creatures (others)
  A butterfly (D:7)
1 creature vanquished.

Grand Total: 86 creatures vanquished

Notes
Turn   | Place    | Note
--------------------------------------------------------------
     0 | D:1      | Charly, the Draconian Transmuter, began the quest for the Orb.
     0 | D:1      | Reached XP level 1. HP: 16/16 MP: 3/3
    92 | D:1      | Reached XP level 2. HP: 15/23 MP: 4/4
    96 | D:1      | Learned a level 2 spell: Sticks to Snakes
   458 | D:2      | Reached skill level 4 in Unarmed Combat
   458 | D:2      | Reached XP level 3. HP: 26/28 MP: 0/6
   475 | D:2      | Learned a level 3 spell: Spider Form
   681 | D:2      | Reached skill level 1 in Poison Magic
   782 | D:3      | Reached XP level 4. HP: 31/35 MP: 7/7
  1285 | D:3      | Noticed Natasha
  1298 | D:3      | Killed Natasha
  1316 | D:3      | Reached XP level 5. HP: 26/40 MP: 5/9
  1655 | D:4      | Found a staircase to the Ecumenical Temple.
  1663 | Temple   | Entered the Ecumenical Temple
  1689 | Temple   | Became a worshipper of Gozag Ym Sagoz the Greedy
  1693 | Temple   | Identified a +6 ring of intelligence (duplicated by Gozag)
  1721 | Temple   | Fell from the grace of Gozag
  1721 | Temple   | Became a worshipper of Elyvilon the Healer
  1812 | D:5      | Entered Level 5 of the Dungeon
  1887 | D:5      | Noticed casual's ghost (experienced MiFi)
  2018 | D:6      | Reached XP level 6. HP: 15/47 MP: 8/10
  2052 | D:6      | Elyvilon protects you from harm!
  2059 | D:6      | Reached skill level 5 in Unarmed Combat
  2164 | D:6      | Noticed a black bear
  2177 | D:6      | Killed a black bear
  2177 | D:6      | Reached skill level 5 in Transmutations
  2177 | D:6      | Your scales start fading to a pale cyan-grey colour.
  2177 | D:6      | Reached XP level 7. HP: 27/52 MP: 9/12
  2402 | D:6      | Reached skill level 6 in Unarmed Combat
  2501 | D:6      | Learned a level 5 spell: Blade Hands
  2684 | D:7      | HP: 2/52 [wight/runed halberd (5)]
  2691 | D:7      | HP: 2/52 [wight/runed halberd (8)]
  2691 | D:7      | Slain by a wight

Action                   |  1- 3 |  4- 6 |  7- 9 || total
-------------------------+-------+-------+-------++-------
Melee: Unarmed           |    89 |   163 |   104 ||   356
Throw: Tomahawk          |       |    23 |    28 ||    51
 Cast: Beastly Appendage |    12 |       |       ||    12
       Sticks to Snakes  |     5 |       |       ||     5
       Spider Form       |       |    10 |     2 ||    12
 Abil: End Transformatio |       |     3 |     3 ||     6
       Breathe Steam     |       |       |     1 ||     1
Evoke: Wand              |       |    15 |     2 ||    17
  Use: Scroll            |     4 |     6 |       ||    10
       Potion            |       |       |     2 ||     2
  Eat: Chunk             |       |     6 |     2 ||     8
